 Dungeon Crawl Stone Soup version 0.18.1-8-gdd0e5ea (webtiles) character file.

31600 Gargoyl the Protected (level 13, -1/92 HPs)
             Began as a Demonspawn Abyssal Knight on May 24, 2016.
             Was a High Priest of Lugonu.
             Slain by a halberd of freezing (23 damage)
             ... on level 1 of the Elven Halls.
             The game lasted 01:00:21 (26103 turns).

Gargoyl the Protected (Demonspawn Abyssal Knight)  Turns: 26103, Time: 01:00:22

Health: -1/92      AC: 27    Str: 19 (21) XL:     13   Next: 26%
Magic:  4/16       EV:  7    Int: 11 (13) God:    Lugonu [*****.]
Gold:   1155       SH: 17    Dex: 14 (15) Spells: 0 memorised, 12 levels left

rFire  . . .     SeeInvis .     O - +1 hand axe (elec)
rCold  + . .     Gourm    .     B - +2 plate armour {rPois}
rNeg   + . .     Faith    .     s - +1 shield of the Engineer {rN+}
rPois  +         Spirit   .     (helmet unavailable)
rElec  .         Dismiss  .     t - +0 cloak (curse)
rCorr  .         Reflect  +     q - +2 pair of gloves
SustAt .         Harm     .     F - +0 pair of boots {run}
MR     .....                    H - +2 amulet of reflection
Stlth  ..........               o - +3 ring of strength
                                k - +2 ring of strength

@: quick, not resistant to hostile enchantments, extremely unstealthy
A: horns 3, large bone plates 2, cold resistance 1, deterioration 1, frail 1,
low mp 1, nightstalker 1
a: Depart the Abyss, Bend Space, Banish, Corrupt, Enter the Abyss, Renounce
Religion


You were on level 1 of the Elven Halls.
You worshipped Lugonu.
Lugonu was extremely pleased with you.
You were near starving.

You visited 3 branches of the dungeon, and saw 14 of its levels.
You visited the Abyss 2 times.
You also visited: Sewer.

You collected 1593 gold pieces.
You spent 438 gold pieces at shops.

Inventory:

Hand Weapons
 e - a +1 dagger of venom
 l - a +0 flail of protection
 n - a +0 war axe
 E - a cursed -1 broad axe
 O - a +1 hand axe of electrocution (weapon)
Missiles
 a - 61 tomahawks
 u - 5 steel tomahawks
 I - 3 javelins (quivered)
Armour
 q - a +2 pair of gloves (worn)
 s - the +1 shield of the Engineer (worn) {rN+}
   (You bought it in a shop on level 2 of the Orcish Mines)

   It protects you from negative energy.
 t - a cursed +0 cloak (worn)
 B - a +2 plate armour of poison resistance (worn)
 F - a +0 pair of boots of running (worn)
Jewellery
 g - an uncursed ring of ice
 k - a +2 ring of strength (left hand)
 m - an uncursed ring of sustain attributes
 o - a +3 ring of strength (right hand)
 H - a +2 amulet of reflection (around neck)
 J - an uncursed ring of see invisible
Wands
 b - a wand of enslavement (11/24)
 d - a wand of flame (23/48)
 r - a wand of confusion (30/48)
 w - a wand of digging (15/24)
 x - a wand of disintegration (16/24)
 N - a wand of iceblast (4/15)
Scrolls
 f - 2 scrolls of immolation
 h - a scroll of identify
 p - a scroll of amnesia
 y - a scroll of teleportation
 G - a scroll of remove curse
Potions
 i - 2 potions of brilliance
 v - 2 potions of lignification
 z - 2 potions of flight
 D - a potion of cancellation
Comestibles
 c - 9 bread rations
 j - 4 meat rations
 A - 2 beef jerkies
 C - 6 slices of pizza


   Skills:
 + Level 9.8 Fighting
 + Level 9.7 Axes
 + Level 1.4 Throwing
 * Level 13.0 Armour
 + Level 4.6 Dodging
 + Level 1.2 Stealth
 + Level 7.8 Shields
 + Level 7.1 Invocations


You had 12 spell levels left.
You didn't know any spells.

Dungeon Overview and Level Annotations

Branches:
Dungeon (11/15)              Lair (0/8) D:8             Orc (2/2) D:10
    Elf (1/3) Orc:2
 Temple: D:4-7

Altars:
Okawaru
Xom
Beogh

Shops:
Orc:1 %   Orc:2 [[(:

Annotations:
Abyss:1 Maurice


Innate Abilities, Weirdness & Mutations

You have a pair of large horns on your head.
You are mostly covered in large bone plates (AC +3, SH +3).
Your flesh is cold resistant.
You are slightly more attuned to the shadows.
Your body sometimes deteriorates upon taking damage.
You are frail (-10% HP).
Your magical capacity is low (-10% MP).


Message History

* * * LOW HITPOINT WARNING * * *
You hit the halberd of freezing but do no damage.
The halberd of freezing is moderately damaged.
The halberd of freezing hits you but does no damage.
Press: ? - help, Shift-Dir - straight line, f - halberd of freezing
Aim: a halberd of freezing (moderately damaged, magic immune)
The halberd of freezing is unaffected.
You feel somewhat more hungry.
Lugonu is no longer ready to corrupt your weapon.
The halberd of freezing hits you.
* * * LOW HITPOINT WARNING * * *
Press: ? - help, Shift-Dir - straight line, f/p - halberd of freezing
Aim: a halberd of freezing (moderately damaged, magic immune)
The halberd of freezing is unaffected.
You are near starving!
You block the halberd of freezing's attack.
Press: ? - help, Shift-Dir - straight line, f/p - halberd of freezing
Aim: a halberd of freezing (moderately damaged, magic immune)
The halberd of freezing is unaffected.
You feel somewhat more hungry. The halberd of freezing hits you!!
You die...

#.##..#
#.....#
#....(#
#(.⌠..#
#.[...#
##..(..##
######'######
...#..(..#...
...#.(@..#...
.⌠..'.....'..⌠
....#.....#...
.(.#.....#...
######'######
##.....##
#.....#


You could see a halberd of freezing.

Vanquished Creatures
  Gastronok (Orc:1)
  An orc warlord (Orc:1)
  A stone giant (Orc:1)
  The ghost of Gargoyl the Protected, a journeyman DsAK of Lugonu (D:10)
  4 orc high priests
  An unseen horror (D:10)
  A deep elf archer (Elf:1)
  2 orc knights
  6 deep elf magi
  An orc sorcerer (Orc:2)
  Joseph (D:8)
  5 trolls
  A two-headed ogre (D:10)
  A hill giant zombie (D:10)
  A human (D:8)
  11 yaks
  A wyvern (D:8)
  Grum (D:10)
  The ghost of Gargoyl the Skirmisher, an amateur DsAK of Lugonu (D:3)
  3 hungry ghosts
  18 wargs
  Duvessa (D:5)
  2 hell hounds (D:8)
  42 orc warriors
  3 ice beasts
  2 black bears (D:9)
  A sky beast (D:5)
  9 ogres
  2 phantoms
  4 centaurs
  3 wolves (D:10)
  A necrophage (D:9)
  4 big kobolds (Sewer)
  A small abomination (Abyss:3)
  6 giant frogs
  A wyvern skeleton (D:9)
  2 scorpions
  Dowan (D:5)
  2 troll zombies (D:10)
  11 killer bees
  A howler monkey (D:4)
  3 crimson imps
  2 centaur zombies
  A giant frog zombie (D:10)
  3 hounds
  3 jellies
  34 orc priests
  34 orc wizards
  A centaur skeleton (D:4)
  2 giant frog skeletons
  3 iguanas
  Terence (D:2)
  Natasha (twice) (D:4)
  5 worker ants
  5 ogre zombies (D:10)
  A hound zombie (D:6)
  A hound skeleton (D:9)
  6 gnolls
  2 worker ant zombies (D:9)
  12 adders
  A howler monkey skeleton (D:5)
  5 river rats
  2 shadow imps (D:6)
  A white imp (Abyss:3)
  3 oozes
  2 adder zombies
  An adder skeleton (D:6)
  6 worms
  3 dart slugs
  3 giant geckos
  173 orcs
  5 ball pythons
  8 bats
  11 giant cockroaches
  7 goblins
  8 hobgoblins
  20 jackals
  4 quokkas
  11 giant newts
  A goblin skeleton (D:10)
  5 goblin zombies (D:10)
  A hobgoblin skeleton (D:10)
  4 hobgoblin zombies (D:10)
  20 kobolds
  14 orc zombies (D:10)
  A quokka zombie (D:8)
  8 rats
611 creatures vanquished.

Vanquished Creatures (others)
  An ettin (Orc:2)
  An orc high priest (Orc:2)
  An orc sorcerer (Orc:1)
  An orc knight (D:10)
  A cyclops (Orc:2)
  An orc warrior (Orc:2)
  A centaur (D:10)
  A plant (D:10)
8 creatures vanquished.

Grand Total: 619 creatures vanquished

Notes
Turn   | Place    | Note
--------------------------------------------------------------
     0 | Abyss:1  | Gargoyl the Demonspawn Abyssal Knight began the quest for the Orb.
     0 | Abyss:1  | Reached XP level 1. HP: 18/18 MP: 2/2
   473 | Abyss:1  | Found a corrupted altar of Lugonu.
   551 | Abyss:1  | Noticed a ynoxinul
   589 | Abyss:1  | Noticed a small abomination
   597 | D:1      | Escaped the Abyss
   943 | D:1      | Reached skill level 1 in Dodging
   947 | D:1      | Reached * piety under Lugonu
  1205 | D:1      | Gained mutation: You have a pair of small horns on your head. [demonic ancestry]
  1205 | D:1      | Reached XP level 2. HP: 18/24 MP: 3/3
  1496 | D:1      | Reached skill level 2 in Armour
  1555 | D:1      | Gained mutation: You are slightly more attuned to the shadows. [demonic ancestry]
  1555 | D:1      | Reached XP level 3. HP: 23/29 MP: 4/4
  2251 | D:2      | Reached ** piety under Lugonu
  2571 | D:2      | Reached XP level 4. HP: 36/36 MP: 5/5
  2623 | D:2      | Noticed Terence
  2654 | D:2      | Killed Terence
  3108 | D:2      | Found an iron altar of Okawaru.
  3284 | D:3      | Found a shimmering altar of Xom.
  3284 | D:3      | Found a shimmering altar of Xom.
  3285 | D:3      | Found a shimmering altar of Xom.
  3286 | D:3      | Found a shimmering altar of Xom.
  3286 | D:3      | Found a shimmering altar of Xom.
  3286 | D:3      | Found a shimmering altar of Xom.
  3286 | D:3      | Found a shimmering altar of Xom.
  3293 | D:3      | Reached skill level 3 in Armour
  3293 | D:3      | Gained mutation: You have a pair of horns on your head. [demonic ancestry]
  3293 | D:3      | Reached XP level 5. HP: 22/42 MP: 6/6
  3752 | D:3      | Noticed Gargoyl's ghost (amateur DsAK)
  3778 | D:3      | Killed Gargoyl's ghost
  3778 | D:3      | Reached skill level 4 in Armour
  3778 | D:3      | Reached XP level 6. HP: 20/48 MP: 7/7
  4420 | D:4      | Reached *** piety under Lugonu
  4496 | D:4      | Found a glowing drain.
  4543 | Sewer    | Entered a sewer
  4914 | Sewer    | Gained mutation: Your flesh is cold resistant. [demonic ancestry]
  4914 | Sewer    | Reached XP level 7. HP: 55/55 MP: 8/8
  5229 | D:4      | Reached skill level 5 in Armour
  5240 | D:4      | Reached **** piety under Lugonu
  5345 | D:4      | Reached skill level 5 in Fighting
  5831 | D:4      | Noticed Natasha
  5838 | D:4      | Killed Natasha
  6008 | D:4      | Noticed Natasha
  6039 | D:4      | Killed Natasha
  6390 | D:5      | Entered Level 5 of the Dungeon
  6551 | D:5      | Noticed Dowan
  6555 | D:5      | Noticed Duvessa
  6574 | D:5      | Reached XP level 8. HP: 37/63 MP: 9/9
  6575 | D:5      | Killed Dowan
  6576 | D:5      | Killed Duvessa
  6581 | D:5      | Gained mutation: Your magical capacity is low (-10% MP). [mutagenic meat]
  6582 | D:5      | Gained mutation: You are weak. (Str -2) [mutagenic meat]
  6583 | D:5      | Gained mutation: You are frail (-10% HP). [mutagenic meat]
  6825 | D:5      | Reached skill level 6 in Armour
  7552 | D:6      | Reached skill level 1 in Stealth
  7994 | D:6      | Reached skill level 5 in Axes
  8069 | D:6      | Identified a +0 pair of boots of running (You found it on level 6 of the Dungeon)
  8102 | D:6      | Reached skill level 7 in Armour
  8123 | D:6      | Reached ***** piety under Lugonu
  8418 | D:6      | Gained mutation: You are partially covered in large bone plates (AC +2, SH +2). [demonic ancestry]
  8418 | D:6      | Reached XP level 9. HP: 62/62 MP: 9/9
  8735 | D:7      | Reached skill level 1 in Shields
  9352 | D:8      | Found a staircase to the Lair.
 10010 | D:8      | Noticed Joseph
 10044 | D:8      | Killed Joseph
 10044 | D:8      | Reached skill level 8 in Armour
 10538 | D:9      | Found a roughly hewn altar of Beogh.
 10852 | D:9      | Identified a scroll of acquirement
 10853 | D:9      | Got a pair of warped gloves
 10864 | D:9      | Identified the +1 pair of gloves of Exclusion {rPois rF+ rC- Regen+} (You acquired it on level 9 of the Dungeon)
 10922 | D:9      | HP: 3/64 [yak (11)]
 10936 | D:9      | Reached XP level 10. HP: 21/71 MP: 10/10
 11295 | D:9      | Reached skill level 9 in Armour
 11582 | D:9      | Noticed Maurice
 12217 | D:10     | Entered Level 10 of the Dungeon
 12640 | D:10     | Noticed Gargoyl's ghost (journeyman DsAK)
 13481 | D:10     | Killed Gargoyl's ghost
 13788 | D:10     | Reached skill level 10 in Armour
 14684 | D:10     | Reached ****** piety under Lugonu
 14762 | D:10     | Found a staircase to the Orcish Mines.
 14841 | D:10     | Reached XP level 11. HP: 57/77 MP: 11/11
 15094 | D:10     | Noticed Grum
 15124 | D:10     | Killed Grum
 15539 | D:9      | Banished Maurice
 15539 | D:9      | Reached skill level 5 in Shields
 16220 | D:10     | Noticed an unseen horror
 16249 | D:10     | Killed an unseen horror
 16428 | D:10     | Reached skill level 1 in Throwing
 16522 | D:10     | Noticed an orc knight
 16943 | D:10     | Banished an orc knight
 16943 | D:10     | Reached skill level 11 in Armour
 18475 | D:10     | Noticed an orc knight
 18495 | D:10     | Killed an orc knight
 18512 | Orc:1    | Entered Level 1 of the Orcish Mines
 18513 | Orc:1    | Noticed a stone giant
 18806 | Orc:1    | Banished a stone giant
 19076 | Orc:1    | Noticed an orc high priest
 19098 | Orc:1    | Killed an orc high priest
 19368 | Orc:1    | Noticed an orc knight
 19387 | Orc:2    | Entered Level 2 of the Orcish Mines
 19387 | Orc:2    | Found a staircase to the Elven Halls.
 19394 | Orc:2    | Noticed an orc sorcerer
 19411 | Orc:2    | Killed an orc sorcerer
 19411 | Orc:2    | Gained mutation: You have a pair of large horns on your head. [demonic ancestry]
 19411 | Orc:2    | Reached XP level 12. HP: 37/84 MP: 13/13
 19418 | Orc:2    | Lost mutation: You are weak. (Str -2) [potion of mutation]
 19418 | Orc:2    | Gained mutation: Your body sometimes deteriorates upon taking damage. [potion of mutation]
 20166 | Orc:1    | Noticed an orc high priest
 20631 | Orc:1    | Killed an orc high priest
 20631 | Orc:1    | Reached skill level 12 in Armour
 20922 | Orc:1    | Noticed a stone giant
 21076 | Orc:2    | Noticed an ettin
 21094 | Orc:2    | Banished an ettin
 21603 | Orc:1    | Killed a stone giant
 21603 | Orc:1    | Reached skill level 5 in Invocations
 21921 | Orc:1    | Found Wikoariw's Food Shoppe.
 21965 | Orc:1    | Noticed Gastronok
 21986 | Orc:1    | Killed Gastronok
 23086 | Orc:2    | Found a roughly hewn altar of Beogh.
 23123 | Orc:2    | Found a roughly hewn altar of Beogh.
 23126 | Orc:2    | Noticed an orc high priest
 23133 | Orc:2    | Killed an orc high priest
 23194 | Orc:2    | Found Zaacom's Antique Armour Emporium.
 23199 | Orc:2    | Bought an embroidered cloak for 99 gold pieces
 23317 | Orc:2    | Noticed an orc warlord
 23317 | Orc:2    | Noticed an orc high priest
 23449 | Orc:1    | Killed an orc warlord
 23657 | Orc:1    | Killed an orc high priest
 23657 | Orc:1    | Gained mutation: You are mostly covered in large bone plates (AC +3, SH +3). [demonic ancestry]
 23657 | Orc:1    | Reached XP level 13. HP: 60/90 MP: 16/16
 23946 | Orc:1    | Paralysed by an orc sorcerer for 6 turns
 24269 | Orc:2    | Found Goxzutug's Antique Weapon Boutique.
 24310 | Orc:2    | Found Feb Tiuti's Antique Armour Shop.
 24311 | Orc:2    | Found a roughly hewn altar of Beogh.
 24319 | Orc:2    | Bought a faintly glowing shield for 247 gold pieces
 24330 | Orc:2    | Identified the +1 shield of the Engineer {rN+} (You bought it in a shop on level 2 of the Orcish Mines)
 24336 | Orc:2    | Bought a broad axe for 92 gold pieces
 24491 | Orc:2    | Found a roughly hewn altar of Beogh.
 24495 | Orc:2    | Found Namek's Book Shoppe.
 24752 | Orc:2    | Found a roughly hewn altar of Beogh.
 24784 | Orc:2    | Cast into level 3 of the Abyss (orc high priest)
 24899 | Orc:2    | Escaped the Abyss
 25368 | Orc:2    | Found a roughly hewn altar of Beogh.
 25463 | Elf:1    | Entered Level 1 of the Elven Halls
 25566 | Orc:2    | Reached skill level 13 in Armour
 26103 | Elf:1    | Slain by a halberd of freezing

Skill      XL: |  1  2  3  4  5  6  7  8  9 10 11 12 13 |
---------------+----------------------------------------+-----
Dodging        | 1 2 3 4 |  4.6
Armour         | 2 3 4 5 7 8 10 11 12 13 | 13.0
Axes           | 2 3 4 5 6 7 8 9 |  9.7
Fighting       | 4 5 6 7 8 9 |  9.8
Stealth        | 1 |  1.2
Shields        | 3 4 6 7 |  7.8
Invocations    | 4 6 7 |  7.1
Throwing       | 1 |  1.4

Action                   |  1- 3 |  4- 6 |  7- 9 | 10-12 | 13-15 || total
-------------------------+-------+-------+-------+-------+-------++-------
Melee: Hand axe          |   135 |    56 |   356 |  1419 |   185 ||  2151
       Headbutt          |    14 |    35 |    97 |   328 |    35 ||   509
       War axe           |       |   160 |   174 |       |       ||   334
Throw: Tomahawk          |       |       |     2 |    12 |       ||    14
       Javelin           |       |       |       |     7 |       ||     7
Invok: Depart the Abyss  |     1 |       |       |       |     1 ||     2
       Banish            |       |       |       |    13 |     5 ||    18
  Use: Potion            |       |     4 |     9 |    12 |       ||    25
       Scroll            |       |     3 |    17 |     9 |       ||    29
  Eat: Chunk             |     5 |     8 |    17 |    33 |     8 ||    71
       Fruit             |       |       |     1 |     8 |       ||     9
       Meat ration       |       |       |     1 |     2 |       ||     3
       Royal jelly       |       |       |       |     1 |       ||     1
       Pizza             |       |       |       |     3 |       ||     3
Armor: Leather armour    |    32 |       |       |       |       ||    32
       Scale mail        |    27 |     3 |       |       |       ||    30
       Chain mail        |       |   164 |   274 |       |       ||   438
       Plate armour      |       |       |    90 |   845 |    79 ||  1014
Dodge: Dodged            |   104 |   129 |   247 |   418 |    27 ||   925
Block: Buckler           |       |       |    89 |   630 |    21 ||   740
       Reflection        |       |       |       |    13 |    18 ||    31
       Shield            |       |       |       |       |    63 ||    63
